Get step-by-step instructions on how to execute this build order below. Start the game timer, and the build order will tick by so you can play in parallel with StarCraft on a second screen or mobile device.

Game Time

  0:00

Last Step

  N/A

Next Step

Upcoming Step



Don't want to look back and forth between 2 screens? Try out our Overwolf App, the Spawning Tool Build Advisor to get an in-game overlay with this build!

Complete Build Order

  12  0:02  Drone  
  13  0:09  Drone  
  14  0:16  Extractor  
  13  0:23  Drone  
  14  0:34  Spawning Pool  
  13  0:36  Drone  
  14  0:43  Extractor  
  14  0:45  Drone